 Dungeon Crawl Stone Soup version 0.21-a0-349-g0c35859 (webtiles) character file.

76 lolnoob the Skirmisher (level 4, -13/35 HPs)
             Began as a Demonspawn Fighter on Oct 8, 2017.
             Was a Follower of Cheibriados.
             Mangled by an ogre
             ... wielding a +0 giant club
              (18 damage)
             ... on level 3 of the Dungeon.
             The game lasted 00:04:32 (1955 turns).

lolnoob the Skirmisher (Demonspawn Fighter)         Turns: 1955, Time: 00:04:33

Health: -13/35     AC:  7    Str: 24 (25) XL:     4   Next: 12%
Magic:  4/4        EV:  9    Int: 10 (13) God:    Cheibriados [*.....]
Gold:   110        SH:  0    Dex: 13 (15) Spells: 3/3 levels left

rFire    . . .     SeeInvis .   a - +1 long sword
rCold    . . .     Gourm    .   (no shield)
rNeg     . . .     Faith    .   b - +0 scale mail
rPois    .         Spirit   .   h - +0 helmet
rElec    .         Reflect  .   (no cloak)
rCorr    .         Harm     .   (no gloves)
MR       .....                  (no boots)
Stlth    ..........             (no amulet)
HPRegen  0.11/turn              (no ring)
MPRegen  0.09/turn              (no ring)

@: mighty, lethally poisoned (-13 -> -18), very slightly contaminated, hasted,
quick
A: hooves 1, rot immunity
a: Bend Time, Renounce Religion


You were on level 3 of the Dungeon.
You worshipped Cheibriados.
Cheibriados was aware of your devotion.
You were not hungry.

You visited 1 branch of the dungeon, and saw 3 of its levels.

You collected 110 gold pieces.

Inventory:

Hand Weapons
 a - a +1 long sword (weapon)
Armour
 b - a +0 scale mail (worn)
 c - a +0 shield
 h - a +0 helmet (worn)
Jewellery
 g - a +3 ring of evasion {unknown}
 l - an uncursed ring of positive energy {unknown}
Comestibles
 f - 3 bread rations
 k - 4 fruits
 m - 2 royal jellies


   Skills:
 + Level 3.3 Fighting
 * Level 3.3 Long Blades
 + Level 3.1 Armour
 - Level 2.6 Shields
 * Level 0.8 Invocations


You had 3 spell levels left.
You didn't know any spells.

Dungeon Overview and Level Annotations

Branches:
Dungeon (3/15)

Altars:
Cheibriados
Dithmenos
Makhleb


Innate Abilities, Weirdness & Mutations

You have large cloven feet.
You are immune to rotting.


Message History

You kill the orc!
You closely miss the quokka.
* * * LOW HITPOINT WARNING * * *
You feel sick. The quokka closely misses you.
You closely miss the quokka. Your kick misses the quokka.
The quokka bites you but does no damage.
You hit the quokka but do no damage. You kick the quokka.
The quokka is almost dead.
* * * LOW HITPOINT WARNING * * *
You feel sick.
The quokka bites you but does no damage.
You slice the quokka!!
You kill the quokka!
Cheibriados appreciates the change of pace.
You slash the rat!
You kill the rat!
* * * LOW HITPOINT WARNING * * *
You feel sick. The ogre hits you with a giant club!!
Ouch! That really hurt!
You die...

#.......# #b......#.#
..... ##.###§§§....#.#
..#..
..r..§§§§....#.##....#
....###§§####.....%...
......§..§....#.......
..#####...............
.......###..........
........@O..........
##########.#........
##......... ..........
#..........
#..........
#..........
#..........


You could see an ogre.

Vanquished Creatures
  An adder (D:2)
  An ooze (D:1)
  3 worms
  A dart slug (D:2)
  2 leopard geckos
  An orc (D:3)
  6 bats
  5 hobgoblins
  3 jackals (D:2)
  2 quokkas
  A ball python (D:2)
  3 frilled lizards
  3 goblins
  9 kobolds
  10 rats
51 creatures vanquished.

Notes
Turn   | Place    | Note
-------+----------+-------------------------------------------
     0 | D:1      | lolnoob the Demonspawn Fighter began the quest for the Orb.
     0 | D:1      | Reached XP level 1. HP: 18/18 MP: 1/1
   123 | D:1      | Gained mutation: You are immune to rotting. [demonic ancestry]
   123 | D:1      | Reached XP level 2. HP: 24/24 MP: 2/2
   201 | D:1      | Found a snail-covered altar of Cheibriados.
   211 | D:1      | Became a worshipper of Cheibriados the Contemplative
   646 | D:1      | Reached XP level 3. HP: 29/29 MP: 3/3
   740 | D:2      | Found a shadowy altar of Dithmenos.
   844 | D:2      | Found a burning altar of Makhleb.
   849 | D:2      | Reached * piety under Cheibriados
  1899 | D:3      | Gained mutation: You have large cloven feet. [demonic ancestry]
  1899 | D:3      | Reached XP level 4. HP: 35/35 MP: 4/4
  1941 | D:3      | Noticed an ogre
  1955 | D:3      | Mangled by an ogre

Vault maps used:
D:1:      onia_arrival_pyramid, kennysheep_flooded_box, roderic_lattice_a,
          minivault_19
D:2:      nicolae_overflow_crystal_walls,
          nicolae_dithmenos_through_a_glass_darkly
D:3:      cheibrodos_pilgrimage, nicolae_ashenzari_panopticon, first_bread,
          uniq_crazy_yiuf_cottage, uniq_terence

Skill      XL: |  1  2  3 |
---------------+----------+-----
Long Blades    | 2 3 |  3.3
Armour         | 3 |  3.1
Fighting       | |  3.3
Shields        | |  2.6
Invocations    | |  0.8

Action                   |  1- 3 |  4- 6 || total
-------------------------+-------+-------++-------
Melee: Long sword        |   134 |    11 ||   145
       Kick              |       |     4 ||     4
  Use: Scroll            |       |     5 ||     5
       Potion            |       |     3 ||     3
  Eat: Chunk             |     1 |     1 ||     2
Armor: Scale mail        |    60 |    26 ||    86
Dodge: Dodged            |    76 |    27 ||   103
       Rpst.: Long sword |    30 |     6 ||    36

Table legend:
 A = Spawn XP
 B = Non-spawn XP
 C = Spawn XP percentage of total XP
 D = Spawn monster count
 E = Non-spawn monster count
 F = Spawn count percentage of total count
 G = Total turns spent on level
                    A         B        C        D         E        F      G
               +---------+---------+-------+---------+---------+-------+---------
         Total |       0 |     109 |   0.0 |       0 |      51 |   0.0 |  1955
               +---------+---------+-------+---------+---------+-------+---------
           D:1 |       0 |      43 |   0.0 |       0 |      25 |   0.0 |   740
           D:2 |       0 |      53 |   0.0 |       0 |      20 |   0.0 |  1155
           D:3 |       0 |      13 |   0.0 |       0 |       6 |   0.0 |    60
               +---------+---------+-------+---------+---------+-------+---------
